 Dungeon Crawl Stone Soup version 0.16-a0-1167-g3157814 (webtiles) character file.

154032 solipsistnation the Tortoise (level 17, 0/158 (161) HPs)
             Began as a Hill Orc Abyssal Knight on Oct 6, 2014.
             Was the Champion of Lugonu.
             Killed by the raging water
             ... invoked by a water nymph
              (26 damage)
             ... on level 1 of the Shoals on Oct 9, 2014.
             The game lasted 05:13:17 (50211 turns).

solipsistnation the Tortoise (HOAK)                Turns: 50211, Time: 05:13:18

HP:   0/158 (161)   AC: 47    Str: 18    XL:     17   Next: 32%
MP:   30/30         EV: 10    Int: 22    God:    Lugonu [******]
Gold: 2774          SH:  6    Dex: 10    Spells: 2 memorised, 21 levels left

rFire  . . .     SeeInvis .     V - +2 war axe (elec)
rCold  + . .     Clarity  +     E - +8 orange crystal plate armour {Archmagi, Int+3 Clar SustAb}
rNeg   . . .     SustAb   +     A - +1 buckler {rC+}
rPois  +         Gourm    .     I - +1 helmet "Roakk" {+Blink MR++ Slay+2}
rElec  .         Spirit   .     O - +2 cloak
rCorr  .         Warding  .     N - +2 pair of gloves
rMut   .         Stasis   .     u - +2 pair of boots {run}
MR     +++..                    J - amulet of Cheibriados' Fury {Int+3 Regen}
Stlth  ..........               g - +6 ring of evasion
                                n - ring of poison resistance

@: about to teleport, quick, extremely resistant to hostile enchantments,
extremely unstealthy
A: no striking features
a: Depart the Abyss, Bend Space, Banish, Corrupt, Enter the Abyss, Renounce
Religion, Evoke Blink
}: 1/15 runes: serpentine


You were on level 1 of the Shoals.
You worshipped Lugonu.
Lugonu was exalted by your worship.
You were not hungry.

You visited 6 branches of the dungeon, and saw 34 of its levels.
You visited the Abyss 2 times.
You also visited: Labyrinth and Ice Cave.

You collected 3930 gold pieces.
You spent 1156 gold pieces at shops.

Inventory:

Hand weapons
 a - a +2 whip of distortion
 C - a +0 greatsling of flaming
 G - the +1 eveningstar "Brilliance" {holy, rN+ AC+5 Int+5 SInv Stlth-}
   (You found it on level 13 of the Dungeon)

   It has been blessed by the Shining One to cause great damage to the undead
   and demons.
   It affects your AC (+5).
   It affects your intelligence (+5).
   It protects you from negative energy.
   It enhances your eyesight.
   It makes you less stealthy.
 U - the +4 whip "Hagruof" {antimagic, rPois Stlth++}
   (You found it on level 9 of the Dungeon)

   It disrupts the flow of magical energy around spellcasters and certain
   magical creatures (including the wielder).
   It protects you from poison.
   It makes you much more stealthy.
 V - a +2 war axe of electrocution (weapon)
Missiles
 b - 12 tomahawks (quivered)
 M - 2 javelins of returning
Armour
 u - a +2 pair of boots of running (worn)
 A - a +1 buckler of cold resistance (worn)
 E - the +8 orange crystal plate armour (worn) {Archmagi, Int+3 Clar SustAb}
   (You found it on level 7 of the Lair of Beasts)

   It affects your intelligence (+3).
   It sustains your strength, intelligence and dexterity.
   It protects you against confusion.
 I - the +1 helmet "Roakk" (worn) {+Blink MR++ Slay+2}
   (You acquired it on level 2 of the Lair of Beasts)

   It affects your accuracy and damage with ranged weapons and melee attacks
   (+2).
   It affects your resistance to hostile enchantments.
   It lets you blink.
 N - a +2 pair of gloves (worn)
 O - a +2 cloak (worn)
Magical devices
 h - a wand of digging (17)
 j - a wand of lightning (7)
 p - a wand of cold (2)
 B - a wand of draining (0)
 S - a wand of teleportation (0)
Comestibles
 c - 14 meat rations
 k - 35 fruits
 l - a beef jerky
 o - 10 bread rations
 F - 7 chunks of cyclops flesh
 L - 5 slices of pizza
Scrolls
 i - 2 scrolls of remove curse
 q - a scroll of teleportation
 r - 2 scrolls of blinking
 x - a scroll of amnesia
 P - 4 scrolls of fear
 T - 6 scrolls of identify
 Z - a scroll of fog
Jewellery
 d - the ring of Uril Esu {rF+ Dex+3 Int-3}
   (You acquired it on level 1 of the Shoals)

   [ring of protection from fire]

   It affects your intelligence (-3).
   It affects your dexterity (+3).
   It protects you from fire.
 f - an uncursed ring of teleportation
 g - a +6 ring of evasion (right hand)
 m - an uncursed amulet of guardian spirit {unknown}
 n - a ring of poison resistance (left hand)
 y - an uncursed ring of wizardry
 D - an uncursed ring of see invisible
 J - the amulet of Cheibriados' Fury (around neck) {Int+3 Regen}
   (You found it on level 8 of the Lair of Beasts)

   [amulet of regeneration]

   It affects your intelligence (+3).
   It increases your rate of regeneration.
 R - an uncursed ring of flight
Potions
 e - 2 potions of might
 s - 3 potions of agility
 t - 2 potions of heal wounds
 v - a potion of haste
 w - 2 potions of berserk rage
 z - 2 potions of cancellation
 H - 10 potions of curing


   Skills:
 + Level 17.2 Fighting
 + Level 8.1(12.0) Axes
 - Level 12.0(12.6) Maces & Flails
 - Level 18.0 Armour
 - Level 1.0 Dodging
 - Level 5.4 Shields
 - Level 4.0 Spellcasting
 - Level 5.6 Charms
 - Level 6.4 Summonings
 - Level 3.0 Air Magic
 - Level 10.0 Invocations
 - Level 10.0 Evocations


You had 21 spell levels left.
You knew the following spells:

 Your Spells              Type           Power        Failure   Level  Hunger
a - Repel Missiles        Chrm/Air       #####.       100%        2    #......
b - Summon Butterflies    Summ           #####...     82%         1    None


Dungeon Overview and Level Annotations

Branches:
Dungeon (15/15)            Temple (1/1) D:7             Orc (4/4) D:12
    Elf (0/3) Orc:4          Lair (8/8) D:8          Shoals (1/5) Lair:4
  Snake (5/5) Lair:3        Slime (0/6) Lair:7       Vaults (0/5) D:13
 Depths (0/5) D:15

Altars:
Ashenzari
Cheibriados
Dithmenos
Elyvilon
Fedhas
Gozag
Kikubaaqudgha
Makhleb
Nemelex Xobeh
Okawaru
Qazlal
Ru
Sif Muna
Trog
Vehumet
Xom
Yredelemnul
Zin
The Shining One
Beogh
Jiyva

Shops:
D:11 =   D:12 (   D:15 *   Orc:2 [   Orc:4 *([:[   Shoals:1 !   Snake:1 [
Snake:3 (

Annotations:
D:1 2 exclusions
D:3 exclusion: downstairs
D:8 Joseph
Abyss:1 Fannar, Grum, Harold, Prince Ribbit, Psyche, Rupert


Message History

Your unstable footing causes you to fumble your attack.
The water nymph touches you.
* * * LOW HITPOINT WARNING * * *
The water nymph drowns you!
* * * LOW HITPOINT WARNING * * *
Read which item? (? for menu, Esc to quit)
As you read the scroll of teleportation, it crumbles to dust.
You feel strangely unstable.
The water nymph points at you and mumbles some strange words.
The water swirls and strikes you!
You closely miss the water nymph.
The water nymph is heavily wounded.
You hit the plant but do no damage. The water nymph closely misses you.
You miss the water nymph.
The water nymph is heavily wounded.
You hit the plant.
The plant is lightly damaged.
The water nymph gestures at you while chanting.
The water swirls and strikes you!
You die...

≈≈≈≈≈P≈≈≈≈≈≈≈≈≈≈≈≈≈≈≈≈
≈≈≈≈≈≈≈.. ≈≈≈≈≈P≈
≈≈PP≈≈≈≈≈≈≈≈≈≈ ≈≈≈≈≈≈≈..
≈≈≈≈≈P
P≈≈≈≈≈..P≈≈≈≈≈≈≈≈≈≈≈≈≈≈..
≈≈≈≈≈
PPP≈≈PP..P≈≈≈≈≈≈≈≈≈≈≈≈≈..
≈≈≈≈
PP≈≈P.P..PP≈≈≈≈≈≈≈≈≈≈≈≈≈..
≈
#.≈≈≈P.P#...P≈≈≈≈≈≈≈≈m≈≈(.
.##P≈P≈....P.P≈≈≈≈≈≈≈≈≈≈###
....≈≈≈.≈≈≈P≈≈≈≈≈≈≈≈≈≈≈##..
P.P....≈≈m@.PPP≈≈≈≈≈≈≈≈#...
.........)###.P.≈≈≈≈ ≈.
#... .....≈≈..####.PP≈≈≈≈≈
##.. ....≈≈....##...≈≈.....
### ..≈≈≈.........≈≈..≈.# #
..≈≈≈≈≈........≈....... #
...≈≈≈≈≈≈≈........≈...(# .
..≈≈≈≈≈≈≈≈≈...........#
.≈≈≈≈≈≈≈≈≈.###....≈..


You could see a water nymph.

Vanquished Creatures
  Roxanne (Snake:5)
  2 greater nagas (Snake:5)
  3 ettins (Orc:4)
  2 merfolk impalers (Shoals:1)
  4 hydras
  The ghost of RobertPalmer the Covert, a powerful OpMo of Dithmenos (Lair:5)
  6 naga warriors
  Erica (D:11)
  3 centaur warriors
  A merfolk aquamancer (Shoals:1)
  2 anacondas (Snake:1)
  5 death yaks (Lair:8)
  A tengu warrior (D:14)
  2 shock serpents
  4 naga sharpshooters
  A catoblepas (Lair:8)
  3 sea snakes (Shoals:1)
  Erolcha (D:13)
  A death drake (shapeshifter) (D:15)
  A naga ritualist (Snake:5)
  A mana viper (shapeshifter) (D:13)
  3 harpies (Shoals:1)
  Pikel (D:6)
  5 hill giants
  A wizard (D:14)
  9 ugly things
  A lindwurm (D:13)
  4 mana vipers
  2 griffons (Shoals:1)
  An oklob plant (Lair:5)
  4 salamanders
  9 cyclopes
  A red wasp (D:14)
  21 black mambas
  11 naga magi
  2 guardian serpents
  5 elephants
  3 sirens (Shoals:1)
  A gargoyle (D:12)
  9 spiny frogs
  An efreet (D:13)
  A tengu conjurer (D:14)
  2 wind drakes (Shoals:1)
  4 komodo dragons
  Sonja (D:13)
  3 merfolk (Shoals:1)
  A snapping turtle (Shoals:1)
  4 trolls
  7 two-headed ogres
  3 polar bears (IceCv)
  A hydra skeleton (D:15)
  4 ravens (D:14)
  3 shadows
  A griffon skeleton (D:12)
  20 blink frogs
  3 water elementals (Shoals:1)
  4 deep elf magi
  47 yaks
  Eustachio (D:6)
  A hungry ghost (D:10)
  A wraith (D:13)
  12 wolves
  2 wyverns
  2 trapdoor spiders
  A steam dragon (D:12)
  6 hippogriffs
  Menkaure (D:5)
  A hill giant skeleton (D:11)
  2 wargs (D:8)
  5 vampire mosquitoes (D:15)
  53 nagas
  A human skeleton (D:15)
  4 ice beasts
  9 orc warriors
  31 water moccasins
  A black bear (shapeshifter) (D:12)
  A soldier ant (D:11)
  5 porcupines
  A black bear (D:11)
  2 sky beasts
  3 phantoms
  2 necrophages
  24 ogres
  11 centaurs
  13 crocodiles
  4 big kobolds
  20 giant frogs
  A wyvern skeleton (D:10)
  A wyvern zombie (D:14)
  6 scorpions
  3 killer bees (D:11)
  3 wights (D:7)
  6 crimson imps
  5 electric eels
  A giant frog skeleton (D:12)
  3 goliath beetles
  11 hounds
  3 jellies
  A black bear zombie (D:6)
  16 orc priests
  5 iguanas
  23 orc wizards
  12 worker ants
  33 sheep
  Ijyb (D:6)
  A troll simulacrum (D:10)
  A hound zombie (D:6)
  3 mummies
  A worker ant zombie (D:10)
  24 green rats
  21 adders
  2 giant mites
  7 shadow imps
  11 white imps
  6 worms
  An ufetubus (D:10)
  An adder skeleton (D:7)
  8 giant geckos
  2 oozes
  156 orcs
  2 ball pythons
  6 giant cockroaches (D:2)
  14 goblins
  19 hobgoblins
  A jackal (D:5)
  11 quokkas
  26 bats
  5 giant newts
  3 giant spores
  A goblin skeleton (D:4)
  A hobgoblin skeleton (D:4)
  33 kobolds
  A kobold skeleton (D:8)
  3 orc zombies (D:15)
  18 rats
  A rat skeleton (D:4)
  11 ballistomycetes
  11 fungi
  5 plants
1020 creatures vanquished.

Vanquished Creatures (collateral kills)
  A rat (D:9)
1 creature vanquished.

Vanquished Creatures (others)
  2 greater nagas (Snake:5)
  A stone giant (Orc:4)
  The ghost of Ololoev the Archer, a powerful CeHu of Okawaru (D:12)
  A fire dragon (D:15)
  4 naga warriors
  2 hydras (Lair:7)
  5 anacondas
  5 death yaks (Lair:8)
  A tengu warrior (D:14)
  4 naga sharpshooters
  A catoblepas (Lair:8)
  A salamander mystic (Snake:4)
  A naga ritualist (Snake:5)
  2 mana vipers
  A griffon (Shoals:1)
  10 ugly things
  3 manticores (D:13)
  5 salamanders
  3 elephants
  5 black mambas
  A siren (Lair:4)
  7 cyclopes
  A torpor snail (Lair:5)
  3 spiny frogs
  A naga mage (Snake:5)
  A fire drake (Lair:2)
  A kobold demonologist (D:15)
  A merfolk (Shoals:1)
  2 polar bears
  A two-headed ogre (Orc:4)
  A wind drake (shapeshifter) (D:13)
  3 blink frogs
  A freezing wraith (D:15)
  2 trolls
  A slime creature (D:15)
  2 ravens (D:14)
  A water elemental (D:13)
  A wyvern (Lair:8)
  A shadow (D:12)
  A hill giant zombie (D:11)
  6 yaks
  A wraith (D:12)
  2 hippogriffs
  A vampire mosquito (D:15)
  9 nagas
  A wolf (Lair:3)
  2 ogres
  A warg (D:8)
  A boggart (D:14)
  A sky beast (D:8)
  A slave (D:6)
  2 centaurs
  2 big kobolds
  3 giant frogs
  A yak zombie (D:8)
  An electric eel (D:11)
  2 killer bees (D:11)
  2 crimson imps
  2 goliath beetles
  A basilisk zombie (D:9)
  A giant frog skeleton (D:6)
  2 orc priests
  4 orc wizards
  4 sheep
  A mummy (D:10)
  5 green rats
  An adder (D:10)
  2 white imps (Orc:4)
  9 orcs
  2 hobgoblins
  A jackal (D:5)
  A kobold (D:6)
  2 quokkas
  A giant spore (D:10)
  2 goblins (Orc:4)
  4 ballistomycetes (D:14)
  12 fungi
  6 plants
193 creatures vanquished.

Grand Total: 1214 creatures vanquished

Notes
Turn   | Place    | Note
--------------------------------------------------------------
     0 | Abyss:1  | solipsistnation, the Hill Orc Abyssal Knight, began the quest for the Orb.
     0 | Abyss:1  | Reached XP level 1. HP: 19/19 MP: 1/1
    12 | D:1      | Escaped the Abyss
   568 | D:1      | Reached skill level 1 in Dodging
   568 | D:1      | Reached XP level 2. HP: 27/27 MP: 2/2
   580 | D:1      | Reached skill level 4 in Fighting
  1393 | D:2      | Reached XP level 3. HP: 33/33 MP: 4/4
  2193 | D:2      | Acquired Lugonu's second power
  2193 | D:2      | Reached skill level 5 in Axes
  2193 | D:2      | Reached XP level 4. HP: 15/40 MP: 5/5
  2994 | D:2      | Reached skill level 6 in Axes
  3280 | D:3      | Reached XP level 5. HP: 27/46 MP: 6/6
  3596 | D:3      | Acquired Lugonu's third power
  3735 | D:3      | Found a radiant altar of Vehumet.
  4261 | D:4      | Reached XP level 6. HP: 40/52 MP: 8/8
  4364 | D:4      | Noticed an ogre
  4640 | D:4      | Noticed a phantom
  4700 | D:3      | Killed a phantom
  4764 | D:4      | Reached skill level 5 in Armour
  5210 | D:4      | Reached XP level 7. HP: 52/59 MP: 9/9
  5517 | D:4      | Acquired Lugonu's fourth power
  5717 | D:5      | Entered Level 5 of the Dungeon
  5786 | D:5      | Reached skill level 5 in Fighting
  6088 | D:5      | Reached skill level 1 in Shields
  6182 | D:5      | Reached XP level 8. HP: 32/70 MP: 10/10
  6183 | D:5      | Acquired Lugonu's fifth power
  6613 | D:4      | Banished an ogre
  6627 | D:5      | Found a stormy altar of Qazlal.
  6671 | D:5      | Noticed Menkaure
  6683 | D:5      | Killed Menkaure
  6683 | D:5      | Reached skill level 5 in Shields
  7121 | D:6      | Noticed Eustachio
  7153 | D:6      | Killed Eustachio
  7153 | D:6      | Reached skill level 1 in Maces & Flails
  7207 | D:6      | Found a shattered altar of Ashenzari.
  7542 | D:6      | Noticed Pikel
  7562 | D:6      | Killed Pikel
  7562 | D:6      | Reached XP level 9. HP: 75/75 MP: 14/18
  7706 | D:6      | Reached skill level 5 in Maces & Flails
  7798 | D:6      | Noticed Ijyb
  8026 | D:6      | Killed Ijyb
  8026 | D:6      | Reached skill level 7 in Invocations
  8351 | D:7      | Noticed Prince Ribbit
  8399 | D:7      | Banished Prince Ribbit
  9057 | D:7      | Reached skill level 8 in Invocations
  9080 | D:7      | Got a smoking spear
  9084 | D:7      | Identified the +5 spear of Brib Oqym {pierce, rF- MR+ Stlth+} (You took it off an orc priest on level 7 of the Dungeon)
  9348 | D:7      | Found a staircase to the Ecumenical Temple.
  9354 | Temple   | Entered the Ecumenical Temple
  9871 | D:8      | Found an iron altar of Okawaru.
  9893 | D:8      | Found a blossoming altar of Fedhas.
  9895 | D:8      | Found a stormy altar of Qazlal.
  9995 | D:8      | Noticed Joseph
 10008 | D:8      | Reached skill level 9 in Invocations
 10045 | D:8      | Found a snail-covered altar of Cheibriados.
 10250 | D:8      | Reached XP level 10. HP: 71/83 MP: 23/23
 10275 | D:8      | Found a staircase to the Lair.
 10454 | D:8      | Found a sacrificial altar of Ru.
 10455 | D:8      | Found a deep blue altar of Sif Muna.
 10769 | D:8      | Noticed a two-headed hydra
 10848 | D:8      | Reached skill level 10 in Invocations
 11234 | D:9      | Got a fine leather armour
 11632 | D:9      | Got an ancient whip
 11824 | D:9      | Reached skill level 10 in Armour
 11917 | D:10     | Entered Level 10 of the Dungeon
 11943 | D:10     | Identified the Almanac of Quantum Calling
 12000 | D:10     | Noticed an unseen horror
 12358 | D:10     | Identified the +4 whip "Hagruof" {antimagic, rPois Stlth++} (You found it on level 9 of the Dungeon)
 12427 | D:10     | Identified the Papyrus of Flying Conjuration (You found it on level 10 of the Dungeon)
 12534 | D:10     | Noticed a hill giant
 12540 | D:10     | Noticed a hill giant
 13081 | D:10     | Killed a hill giant
 13081 | D:10     | Reached XP level 11. HP: 69/89 MP: 24/24
 13324 | Lair:1   | Entered Level 1 of the Lair of Beasts
 13370 | D:11     | Found Shecush's Jewellery Emporium.
 13394 | D:11     | Noticed a hill giant
 14139 | D:11     | HP: 4/89 [killer bee (2)]
 14144 | D:11     | HP: 4/89 [poisoned by a killer bee]
 14150 | D:11     | Noticed Harold
 14151 | D:11     | HP: 3/89 [poisoned by a killer bee]
 14152 | D:11     | Banished Harold
 14152 | D:11     | Reached skill level 10 in Maces & Flails
 14159 | D:11     | HP: 2/89 [poisoned by a killer bee]
 14170 | D:11     | HP: 2/89 [poisoned by a killer bee]
 14795 | D:11     | Bought a cursed amulet of inaccuracy for 26 gold pieces
 14946 | Lair:1   | Reached skill level 11 in Maces & Flails
 16057 | Lair:2   | Reached skill level 12 in Maces & Flails
 17017 | Lair:2   | Identified a scroll of acquirement
 17018 | Lair:2   | Got a smoking helmet
 17029 | Lair:2   | Identified the +1 helmet "Roakk" {+Blink MR++ Slay+2} (You acquired it on level 2 of the Lair of Beasts)
 17071 | Lair:2   | Reached skill level 1 in Evocations
 17949 | Lair:2   | Reached XP level 12. HP: 98/103 MP: 25/25
 18352 | Lair:3   | Noticed Fannar
 18386 | Lair:3   | Banished Fannar
 18403 | Lair:3   | Found a staircase to the Snake Pit.
 18433 | Lair:3   | Reached skill level 5 in Evocations
 18913 | Lair:3   | Reached skill level 10 in Fighting
 19926 | Lair:4   | Found a staircase to the Shoals.
 20567 | Lair:1   | Upgraded the game from 0.16-a0-1120-gd281f79 to 0.16-a0-1132-gad589c6
 21416 | Lair:5   | Reached XP level 13. HP: 79/113 MP: 27/27
 21662 | Lair:5   | Noticed RobertPalmer's ghost (powerful OpMo)
 21880 | Lair:5   | Killed RobertPalmer's ghost
 24012 | Lair:6   | Reached skill level 13 in Armour
 25032 | Lair:7   | Found a viscous altar of Jiyva.
 25033 | Lair:7   | Found a staircase to the Slime Pits.
 25924 | Lair:7   | Escaped the Abyss
 25997 | Lair:7   | Reached skill level 10 in Evocations
 26517 | Lair:8   | Entered Level 8 of the Lair of Beasts
 27666 | Lair:8   | Reached XP level 14. HP: 112/129 MP: 27/27
 28352 | Lair:8   | Got a steaming copper amulet
 28353 | Lair:8   | Identified the amulet of Cheibriados' Fury {Int+3 Regen} (You found it on level 8 of the Lair of Beasts)
 28859 | Lair:8   | Reached skill level 14 in Fighting
 29296 | D:11     | Killed a hill giant
 29559 | D:11     | Noticed a hill giant
 29571 | D:11     | Killed a hill giant
 29658 | D:11     | Noticed Erica
 29871 | D:11     | Killed Erica
 30148 | D:12     | Noticed Ololoev's ghost (powerful CeHu)
 30156 | D:12     | Banished Ololoev's ghost
 30318 | D:12     | Found Ywomoadd's Weapon Emporium.
 30386 | D:12     | Found a labyrinth entrance.
 30401 | Lab      | Entered a labyrinth
 32343 | D:12     | Got a twitching copper ring
 32345 | D:12     | Identified the ring "Sisyody" {rF- MR+} (You acquired it on level 12 of the Dungeon)
 32838 | D:12     | Found a staircase to the Orcish Mines.
 32971 | D:13     | Identified the Handbook of Bewitchment
 33006 | D:13     | Upgraded the game from 0.16-a0-1132-gad589c6 to 0.16-a0-1157-gec61f8e
 33050 | D:13     | Noticed Sonja
 33132 | D:13     | Killed Sonja
 33317 | D:13     | Noticed Grum
 33359 | D:13     | Banished Grum
 33590 | D:13     | Reached skill level 15 in Fighting
 33609 | D:13     | Found a gate to the Vaults.
 34127 | D:13     | Noticed Erolcha
 34164 | D:13     | Killed Erolcha
 34287 | D:13     | Reached skill level 15 in Armour
 34427 | D:14     | Reached XP level 15. HP: 141/141 MP: 28/28
 34694 | D:13     | Reached skill level 16 in Fighting
 35049 | D:14     | Noticed Rupert
 35068 | D:14     | Banished Rupert
 35422 | D:14     | Found a blossoming altar of Fedhas.
 36103 | D:15     | Entered Level 15 of the Dungeon
 36891 | D:15     | Found a staircase to the Depths.
 36962 | D:15     | Found an opulent altar of Gozag.
 36966 | D:15     | Found Gozag's Platinum Reserve.
 37849 | Orc:1    | Entered Level 1 of the Orcish Mines
 38085 | Orc:2    | Found a roughly hewn altar of Beogh.
 38406 | Orc:2    | Found Maheiset's Armour Shoppe.
 38438 | Orc:1    | Found a roughly hewn altar of Beogh.
 38937 | Orc:2    | Noticed Psyche
 38947 | Orc:2    | Banished Psyche
 38947 | Orc:2    | Reached skill level 17 in Armour
 39610 | Orc:4    | Entered Level 4 of the Orcish Mines
 39610 | Orc:4    | Found a frozen archway.
 39610 | Orc:4    | Found a staircase to the Elven Halls.
 39699 | Orc:4    | Found Izaun's Antique Armour Shoppe.
 39930 | Orc:4    | Found Bouduru's Antique Weapon Emporium.
 40080 | IceCv    | Entered an ice cave
 40080 | IceCv    | Noticed MackTheKnife's ghost (mighty SpAs)
 40465 | Orc:4    | Found Yfunk's Antique Armour Boutique.
 40526 | Orc:4    | Found Stepp's Book Shoppe.
 40696 | Orc:4    | Bought a pair of embroidered boots for 189 gold pieces
 40702 | Orc:4    | Identified a +2 pair of boots of running (You bought it in a shop on level 4 of the Orcish Mines)
 40714 | Orc:4    | Found Jeocwadgh's General Store.
 41224 | Orc:4    | Upgraded the game from 0.16-a0-1157-gec61f8e to 0.16-a0-1167-g3157814
 41248 | Orc:4    | Bought a jewelled helmet for 275 gold pieces
 41248 | Orc:4    | Bought a shiny buckler for 130 gold pieces
 41260 | Orc:4    | Identified the cursed +2 helmet of Fortitude {rC++ MR+} (You bought it in a shop on level 4 of the Orcish Mines)
 41645 | Snake:1  | Entered Level 1 of the Snake Pit
 41726 | Snake:1  | Reached skill level 18 in Armour
 41856 | Snake:1  | Reached XP level 16. HP: 148/148 MP: 29/29
 41863 | Snake:1  | Found Kleuj's Armour Boutique.
 42997 | Lair:1   | Learned a level 2 spell: Repel Missiles
 43005 | Lair:1   | Learned a level 1 spell: Summon Butterflies
 43420 | Snake:3  | Found Souniujimm's Weapon Emporium.
 43437 | Snake:3  | Reached skill level 1 in Summonings
 43464 | Snake:3  | Reached skill level 1 in Charms
 43767 | Snake:3  | Reached skill level 1 in Spellcasting
 45547 | Snake:5  | Entered Level 5 of the Snake Pit
 46007 | Snake:5  | Noticed Roxanne
 46455 | Snake:5  | Killed Roxanne
 47211 | Snake:5  | Reached skill level 5 in Summonings
 47621 | Snake:5  | Reached skill level 1 in Air Magic
 47833 | Snake:5  | HP: 6/151 [naga ritualist/dagger of venom (2)]
 47835 | Snake:5  | Reached skill level 5 in Charms
 48080 | Snake:5  | Reached XP level 17. HP: 128/157 MP: 30/30
 48285 | Snake:5  | Got a serpentine rune of Zot
 48487 | Snake:5  | Got a twitching jade ring
 48488 | Snake:5  | Identified the ring "Shriopp" {SustAb +Blink rC+ rN+ Slay-1} (You acquired it on level 5 of the Snake Pit)
 48992 | Shoals:1 | Entered Level 1 of the Shoals
 49133 | Shoals:1 | Got a slimy wooden ring
 49134 | Shoals:1 | Identified the ring of Uril Esu {rF+ Dex+3 Int-3} (You acquired it on level 1 of the Shoals)
 49755 | Shoals:1 | Found Klonesiu's Distillery.
 49833 | Shoals:1 | Bought a potion of heal wounds for 48 gold pieces
 49833 | Shoals:1 | Bought a potion of curing for 32 gold pieces
 49833 | Shoals:1 | Bought a potion of haste for 112 gold pieces
 49833 | Shoals:1 | Bought a potion of heal wounds for 48 gold pieces
 49833 | Shoals:1 | Bought a potion of curing for 32 gold pieces
 49833 | Shoals:1 | Bought a potion of curing for 32 gold pieces
 49833 | Shoals:1 | Bought a potion of curing for 32 gold pieces
 49833 | Shoals:1 | Bought a potion of might for 40 gold pieces
 49833 | Shoals:1 | Bought a potion of curing for 32 gold pieces
 49834 | Shoals:1 | Bought a potion of berserk rage for 48 gold pieces
 49834 | Shoals:1 | Bought a potion of curing for 32 gold pieces
 49834 | Shoals:1 | Bought a potion of berserk rage for 48 gold pieces
 50211 | Shoals:1 | Killed from afar by a water nymph

Action                   |  1- 3 |  4- 6 |  7- 9 | 10-12 | 13-15 | 16-18 || total
-------------------------+-------+-------+-------+-------+-------+-------++-------
Melee: Hand axe          |   143 |   281 |    50 |   193 |   105 |       ||   772
       Whip              |       |       |   455 |  1171 |  2927 |  1331 ||  5884
       War axe           |       |       |       |       |       |   205 ||   205
 Fire: Hunting sling     |       |     7 |    23 |     3 |       |       ||    33
Throw: Stone             |       |       |       |     2 |       |       ||     2
       Tomahawk          |       |       |       |       |     2 |     5 ||     7
Invok: Bend Space        |       |     2 |     1 |     1 |       |       ||     4
       Banish            |       |       |     1 |     4 |     1 |     5 ||    11
       Depart the Abyss  |       |       |       |       |     1 |       ||     1
       Enter the Abyss   |       |       |       |       |     1 |       ||     1
Evoke: Wand              |       |       |       |     8 |     5 |     1 ||    14
  Use: Scroll            |       |     7 |    13 |    12 |     9 |    14 ||    55
       Potion            |       |       |       |     5 |     6 |     6 ||    17
 Stab: Confused          |       |       |       |       |     4 |       ||     4
  Eat: Chunk             |     4 |    10 |    15 |    33 |    57 |    29 ||   148
       Royal jelly       |       |       |     1 |       |     2 |     1 ||     4
       Beef jerky        |       |       |       |     3 |       |     1 ||     4
       Pizza             |       |       |       |       |     5 |     1 ||     6
       Bread ration      |       |       |       |       |     1 |     1 ||     2
